 Dungeon Crawl Stone Soup version 0.21.1-1-g345015f (webtiles) character file.

4044 Devour the Blocker (level 10, 0/60 HPs)
             Began as a Gargoyle Fighter on Feb 7, 2018.
             Was an Initiate of the Shining One.
             Slain by a killer bee (9 damage)
             ... on level 8 of the Dungeon.
             The game lasted 00:16:35 (6068 turns).

Devour the Blocker (Gargoyle Fighter)               Turns: 6068, Time: 00:16:36

Health: 0/60       AC: 11    Str: 28    XL:     10   Next: 24%
Magic:  10/10      EV: 10    Int:  9    God:    the Shining One [......]
Gold:   453        SH: 12    Dex: 10    Spells: 9/9 levels left

rFire    . . .     SeeInvis .   h - +8 war axe "Ysafeoss" {flame, *Corrode rPois Str+6 Stlth-}
rCold    . . .     Gourm    .   c - +0 shield
rNeg     + + .     Faith    .   b - +0 scale mail
rPois    ∞         Spirit   .   (no helmet)
rElec    +         Reflect  .   (no cloak)
rCorr    .         Harm     .   (no gloves)
MR       .....                  (no boots)
Stlth    ..........             g - amulet of regeneration
HPRegen  0.20/turn              (no ring)
MPRegen  0.12/turn              k - ring of positive energy

@: corroded, glowing
A: negative energy resistance 1, electricity resistance, unbreathing,
petrification resistance, rot immunity, AC +7
a: Renounce Religion


You were on level 8 of the Dungeon.
You worshipped the Shining One.
The Shining One was noncommittal.
You were not hungry.

You visited 2 branches of the dungeon, and saw 9 of its levels.

You collected 453 gold pieces.

Inventory:

Hand Weapons
 a - a +0 flail
 h - the +8 war axe "Ysafeoss" (weapon) {flame, *Corrode rPois Str+6 Stlth-}
   (You found it on level 5 of the Dungeon)

   It has been specially enchanted to burn those struck by it, causing extra
   injury to most foes and up to half again as much damage against particularly
   susceptible opponents.
   Big, fiery blades are also staple armaments of hydra-hunters.
   It affects your strength (+6).
   It protects you from poison.
   It may corrode you when you take damage.
   It makes you less stealthy.
Armour
 b - a +0 scale mail (worn)
 c - a +0 shield (worn)
 s - a +0 plate armour
Jewellery
 g - an amulet of regeneration (around neck)
 j - a +3 amulet of reflection
 k - a ring of positive energy (right hand)
 p - an uncursed ring of resist corrosion
Wands
 e - a wand of polymorph (11)
 i - a wand of iceblast (3)
 C - a wand of acid (6)
Scrolls
 l - 5 scrolls of teleportation
 m - a scroll of fog {unknown}
 n - 4 scrolls of remove curse
 q - a scroll of enchant armour {unknown}
 w - a scroll of enchant weapon {unknown}
 x - 2 scrolls of fear {unknown}
 y - a scroll of vulnerability {unknown}
 B - a scroll of identify
Potions
 d - 4 potions of might
 o - 2 potions of curing
 t - a potion of magic
 u - 3 potions of haste
 v - a potion of flight {unknown}
 A - a potion of berserk rage {unknown}
Comestibles
 f - 9 rations
 r - 5 chunks of flesh


   Skills:
 + Level 6.3 Fighting
 + Level 6.2(7.4) Axes
 + Level 6.6(8.0) Maces & Flails
 + Level 6.9 Armour
 + Level 3.2 Dodging
 + Level 8.4 Shields
 + Level 0.3 Evocations


You had 9 spell levels left.
You didn't know any spells.

Dungeon Overview and Level Annotations

Branches:
Dungeon (8/15)             Temple (1/1) D:6
   Lair: D:8-11

Altars:
Ashenzari
Cheibriados
Dithmenos
Elyvilon
Fedhas
Gozag
Hepliaklqana
Kikubaaqudgha
Makhleb
Nemelex Xobeh
Okawaru
Qazlal
Ru
Sif Muna
Trog
Uskayaw
Vehumet
Wu Jian
Xom
Yredelemnul
Zin
The Shining One


Innate Abilities, Weirdness & Mutations

You are resistant to torment.
Your stone body is resilient. (AC +7)
You are immune to poison.
You resist negative energy. (rN+)
You are resistant to electric shocks. (rElec)
You can survive without breathing.
You are immune to petrification.
You are immune to rotting.


Message History

Put on which piece of jewellery? (? for menu, Esc to quit)
You remove your +3 amulet of reflection.
The killer bee stings you but does no damage.
The killer bee stings you. x2
* * * LOW HITPOINT WARNING * * *
Your corrosive artefact corrodes you!
You sense that the amulet cannot attune itself to your injured body.
g - an amulet of regeneration (around neck)
The killer bee stings you.
* * * LOW HITPOINT WARNING * * *
You block the killer bee's attack.
A killer bee comes into view.
The killer bee stings you but does no damage.
The killer bee closely misses you.
The killer bee buzzes angrily.
The killer bee stings you but does no damage.
The killer bee stings you!
* * * LOW HITPOINT WARNING * * *
The killer bee closely misses you. The killer bee stings you!
You die...

.### ...##### #
.......##.....# #########.#
#......##.....#
#..........#
###....##.....#
#.#†##.#..=. ####.##.....#
#y..y†.y....
#.#####.....####.#####....#
###.# #.....##.yy..# ...
....#####.....##@###.# #
...................>.#
.#..####..#.####.......#
.#.####.........####.###
.....##.†.#.###.# #
.#.#.##.........#
...#.###......[.#
#..#......#........
...#.....####.#####


You could see 3 killer bees.

Vanquished Creatures
  A two-headed ogre (D:8)
  Joseph (D:7)
  A queen bee (D:8)
  Grinder (D:6)
  Duvessa (D:6)
  An ice beast (D:5)
  A sky beast (D:6)
  An ogre (D:6)
  3 phantoms
  A centaur (D:7)
  A big kobold (D:7)
  3 bullfrogs
  Dowan (D:6)
  3 scorpions
  13 killer bees
  A howler monkey (D:4)
  3 crimson imps
  An orc priest (D:4)
  A bullfrog skeleton (D:6)
  3 iguanas
  4 orc wizards
  8 worker ants
  A howler monkey zombie (D:5)
  A worker ant zombie (D:5)
  7 gnolls (D:6)
  16 adders
  An adder zombie (D:7)
  An adder skeleton (D:4)
  3 worms (D:2)
  3 dart slugs
  2 leopard geckos
  20 orcs
  A ball python (D:3)
  5 bats
  2 giant cockroaches
  5 goblins
  4 hobgoblins
  4 jackals
  12 kobolds
  5 quokkas
  7 frilled lizards
  A quokka skeleton (D:4)
  3 rats
158 creatures vanquished.

Notes
Turn   | Place    | Note
-------+----------+-------------------------------------------
     0 | D:1      | Devour the Gargoyle Fighter began the quest for the Orb.
     0 | D:1      | Reached XP level 1. HP: 14/14 MP: 1/1
   466 | D:1      | Reached XP level 2. HP: 19/19 MP: 2/2
   808 | D:2      | Reached XP level 3. HP: 23/24 MP: 3/3
   895 | D:2      | Reached skill level 4 in Shields
   895 | D:2      | Reached XP level 4. HP: 29/29 MP: 4/4
  1014 | D:2      | Found a snail-covered altar of Cheibriados.
  1382 | D:3      | Noticed a phantom
  1472 | D:3      | Killed a phantom
  1472 | D:3      | Reached skill level 1 in Dodging
  1472 | D:3      | Reached XP level 5. HP: 10/33 MP: 5/5
  1829 | D:3      | Found a shimmering altar of Xom.
  1833 | D:3      | Found a shimmering altar of Xom.
  1834 | D:3      | Found a shimmering altar of Xom.
  1835 | D:3      | Found a shimmering altar of Xom.
  1902 | D:3      | Found a shimmering altar of Xom.
  2448 | D:3      | Found a blossoming altar of Fedhas.
  2537 | D:3      | Reached XP level 6. HP: 38/38 MP: 6/6
  2907 | D:4      | Reached skill level 5 in Shields
  2958 | D:4      | Reached XP level 7. HP: 44/44 MP: 7/7
  3192 | D:5      | Entered Level 5 of the Dungeon
  3397 | D:5      | Reached skill level 5 in Maces & Flails
  3397 | D:5      | Reached skill level 5 in Armour
  3527 | D:5      | Identified the +8 war axe "Ysafeoss" {flame, *Corrode rPois Str+6 Stlth-} (You found it on level 5 of the Dungeon)
  4025 | D:6      | Noticed Duvessa
  4026 | D:6      | Found an iron altar of Okawaru.
  4048 | D:6      | Killed Duvessa
  4048 | D:6      | Reached skill level 6 in Shields
  4048 | D:6      | Reached XP level 8. HP: 33/48 MP: 8/8
  4049 | D:6      | Noticed Dowan
  4050 | D:6      | Killed Dowan
  4077 | D:6      | Reached skill level 5 in Fighting
  4248 | D:6      | Found a staircase to the Ecumenical Temple.
  4250 | D:6      | Noticed Grinder
  4276 | D:6      | Paralysed by Grinder for 5 turns
  4287 | D:6      | Paralysed by Grinder for 2 turns
  4290 | D:6      | Paralysed by Grinder for 4 turns
  4301 | D:6      | Killed Grinder
  4339 | Temple   | Entered the Ecumenical Temple
  4380 | Temple   | Became a worshipper of the Shining One
  4433 | D:6      | Found an ornate altar of the Wu Jian Council.
  4433 | D:6      | Found a stormy altar of Qazlal.
  4433 | D:6      | Found a deep blue altar of Sif Muna.
  4433 | D:6      | Found a radiant altar of Vehumet.
  4445 | D:6      | Reached skill level 1 in Axes
  4786 | D:7      | Reached XP level 9. HP: 54/54 MP: 9/9
  4891 | D:7      | Noticed Joseph
  4902 | D:7      | Reached skill level 7 in Shields
  4913 | D:7      | Killed Joseph
  5807 | D:8      | Noticed a two-headed ogre
  5813 | D:8      | Killed a two-headed ogre
  5813 | D:8      | Reached skill level 5 in Axes
  5813 | D:8      | Reached skill level 8 in Shields
  5813 | D:8      | Reached XP level 10. HP: 60/60 MP: 10/10
  6062 | D:8      | HP: 3/60 [killer bee (6)]
  6068 | D:8      | Slain by a killer bee

Skill      XL: |  1  2  3  4  5  6  7  8  9 10 |
---------------+-------------------------------+-----
Shields        | 4 5 6 8 |  8.4
Fighting       | 4 5 6 |  6.3
Maces & Flails | 3 4 5 6 |  6.6
Armour         | 4 5 6 |  6.9
Dodging        | 1 2 3 |  3.2
Axes           | 1 5 6 |  6.2
Evocations     | |  0.3

Action                   |  1- 3 |  4- 6 |  7- 9 | 10-12 || total
-------------------------+-------+-------+-------+-------++-------
Melee: Flail             |    93 |   334 |   214 |       ||   641
       War axe           |       |       |    87 |    37 ||   124
Evoke: Wand              |       |       |     3 |       ||     3
  Use: Scroll            |     3 |     9 |     5 |       ||    17
       Potion            |       |     2 |       |     1 ||     3
  Eat: Chunk             |       |     8 |     3 |       ||    11
       Ration            |       |       |     2 |       ||     2
Armor: Scale mail        |    55 |   171 |   129 |    25 ||   380
Dodge: Dodged            |    30 |    86 |    88 |    23 ||   227
Block: Shield            |    55 |   183 |   204 |    55 ||   497
       Reflection        |       |     5 |     5 |       ||    10
